 Dungeon Crawl Stone Soup version 0.28-a0-1002-gf00fe891ef (webtiles) character file.

Game seed: 6213054091377603982

5222 mcbry74 the Grappler (level 10, -16/85 HPs)
             Began as a Troll Gladiator on Dec 6, 2021.
             Was a Follower of Wu Jian.
             Demolished by a boulder beetle (25 damage)
             ... on level 10 of the Dungeon.
             The game lasted 00:30:40 (7562 turns).

mcbry74 the Grappler (Troll Gladiator)              Turns: 7562, Time: 00:30:41

Health: -16/85     AC:  9    Str: 24    XL:     10   Next: 35%
Magic:  18/18      EV: 14    Int:  4    God:    Wu Jian [*.....]
Gold:   599        SH:  0    Dex: 15    Spells: 8/9 levels left

rFire   . . .      SeeInvis .     - Unarmed
rCold   . . .      Faith    .   (no shield)
rNeg    . . .      Spirit   .   w - +1 steam dragon scales
rPois   .          Reflect  .   b - +0 hat
rElec   .          Harm     .   m - +0 cloak
rCorr   .          Rampage  .   (gloves unavailable)
Will    .....                   (boots unavailable)
Stlth   +.........              (no amulet)
HPRegen 1.04/turn               r - +4 ring of evasion
MPRegen 0.16/turn               t - ring of magical power

@: no status effects
A: large, unfitting armour, claws 3, regeneration 1, shaggy fur 1, tough skin 1
a: Renounce Religion


You were on level 10 of the Dungeon.
You worshipped Wu Jian.
Wu Jian was aware of your devotion.
You visited 2 branches of the dungeon, and saw 11 of its levels.

You collected 599 gold pieces.

Inventory:

Hand Weapons
 a - a +0 hunting sling
 u - a +0 giant spiked club
 E - a +0 giant spiked club
Missiles
 c - 6 throwing nets
 g - 5 javelins (quivered)
 n - 410 stones
 p - 38 sling bullets
 B - 33 poisoned darts
Armour
 b - a +0 hat (worn)
 m - a +0 cloak (worn)
 s - a +0 robe
 v - a scarf of harm
 w - +1 steam dragon scales (worn)
Jewellery
 r - a +4 ring of evasion (left claw)
 t - a ring of magical power (right claw)
Wands
 h - a wand of flame (10)
 q - a wand of iceblast (4)
Scrolls
 e - 5 scrolls of identify
 f - a scroll of holy word
 i - a scroll of teleportation
 j - 3 scrolls of fog
 k - a scroll of vulnerability {unknown}
 y - a scroll of immolation {unknown}
 F - 2 scrolls of noise
 G - 2 scrolls of blinking {unknown}
 H - a scroll of summoning
Potions
 d - a potion of mutation {unknown}
 l - 3 potions of attraction
 o - 2 potions of lignification {unknown}
 x - 3 potions of resistance {unknown}
 z - 3 potions of ambrosia {unknown}
 A - 2 potions of curing
 C - 2 potions of flight
 D - a potion of heal wounds {unknown}
 I - a potion of haste


   Skills:
 - Level 1.5 Fighting
 - Level 10.0 Maces & Flails
 + Level 1.7 Throwing
 + Level 2.4 Dodging
 + Level 10.1 Unarmed Combat
 - Level 4.0 Necromancy
 + Level 0.0 Evocations


You had 8 spell levels left.
You knew the following spells:

 Your Spells              Type           Power      Damage    Failure   Level
a - Animate Skeleton      Necr           6%         N/A       11%         1

Your spell library contained the following spells:

 Spells                   Type           Power      Damage    Failure   Level
 Apportation              Tloc           0%         N/A       50%         1
 Beastly Appendage        Tmut           0%         N/A       50%         1
 Summon Small Mammal      Summ           0%         N/A       50%         1
 Wereblood                Tmut           0%         N/A       65%         2
 Spider Form              Tmut/Pois      0%         N/A       86%         3
 Borgnjor's Revivificati  Necr           1%         N/A       100%        8
 Necromutation            Tmut/Necr      0%         N/A       100%        8
 Death's Door             Necr           1%         N/A       100%        9


Dungeon Overview and Level Annotations

Branches:
Dungeon (10/15)            Temple (1/1) D:7            Lair (0/6) D:8
    Orc: D:9-12

Altars:
Ashenzari
Cheibriados
Dithmenos
Elyvilon
Fedhas
Gozag
Hepliaklqana
Kikubaaqudgha
Makhleb
Nemelex Xobeh
Okawaru
Qazlal
Ru
Sif Muna
Trog
Uskayaw
Vehumet
Wu Jian
Xom
Yredelemnul
Zin
The Shining One

Shops:
D:5 =   D:6 !   D:8 ([   D:9 (


Innate Abilities, Weirdness & Mutations

You are too large for most types of armour.
You have claws for hands.
Your natural rate of healing is unusually fast.
You are covered in fur. (AC +1)
You have tough skin. (AC +1)


Message History

The vampire mosquito is severely damaged.
The vampire mosquito bites you.
The vampire mosquito draws strength from your injuries!
The vampire mosquito closely misses you.
You mangle the vampire mosquito!!
You destroy the vampire mosquito!
The Council accepts your kill.
A vampire mosquito comes into view.
The vampire mosquito buzzes angrily.
Found a scale mail.
You lunge at the vampire mosquito, in a flurry of attacks.
You mangle the vampire mosquito!!
You destroy the vampire mosquito!
The Council accepts your kill.
Your Maces & Flails skill increases to level 10!
You see here a vampire mosquito corpse.
You now have 599 gold pieces (gained 14).
You see here a +0 scale mail.
Found a falchion.
A boulder beetle comes into view.
Found a potion of attraction and a human corpse.
The boulder beetle leaps!
The boulder beetle moves out of view.
The boulder beetle curls into a ball and begins rolling!
A boulder beetle is nearby!
The boulder beetle hits you!!!
Ouch! That really hurt!
The boulder beetle stops rolling and uncurls.
You scratch the boulder beetle.
The boulder beetle is lightly wounded.
You claw the boulder beetle!
The boulder beetle is moderately wounded.
The boulder beetle leaps!
The boulder beetle curls into a ball and begins rolling!
The boulder beetle hits you!!!
Ouch! That really hurt!
* * * LOW HITPOINT WARNING * * *
The boulder beetle stops rolling and uncurls.
The boulder beetle curls into a ball and begins rolling!
The boulder beetle hits you!!
You die...

...#.....#.#...#.#.#.#.........#.
....#.#+#.#....+#..............#.
#....#.# #.# ..#.#.............##
#...#.).. #.#+#.#........).......
#....#... +#.#.#.#.#.....#+#+#...
....#+....#.....#.#.....#§....#..
##.###....#...°○........#...)....
....... #....○.#B.......+.......#
##+###+####).###@......##.......#
...............+......<.........#
.............###................#
..............##.........[.......
#...##........##.................
..#[..........####.......##......
..#.....####### #.......##......
..#.....# #....#### ......
.......○#### #.... ......


You could see a boulder beetle (rolling).

Vanquished Creatures
  Nergalle (D:10)
  2 trolls
  6 yaks
  A steam dragon (D:6)
  2 vampire mosquitoes (D:10)
  2 orc warriors
  An ice beast (D:8)
  A sky beast (D:6)
  2 necrophages
  2 ogres
  4 centaurs
  A kobold brigand (D:6)
  2 bullfrogs (D:7)
  5 scorpions
  An oklob sapling (D:7)
  10 wights
  4 howler monkeys
  A bullfrog zombie (D:7)
  5 hounds
  3 jellies
  A gnoll shaman (D:6)
  3 orc priests
  A bullfrog skeleton (D:6)
  A centaur skeleton (D:6)
  5 orc wizards
  4 howler monkey zombies
  4 gnolls (D:6)
  A howler monkey skeleton (D:5)
  5 adders
  A white imp (D:7)
  An adder skeleton (D:4)
  2 worms (D:4)
  3 dart slugs
  31 orcs
  11 endoplasms
  2 giant cockroaches (D:3)
  4 goblins
  6 hobgoblins
  12 jackals
  9 kobolds
  2 quokkas (D:1)
  3 ball pythons
  13 bats
  3 frilled lizards
  5 rats
189 creatures vanquished.

Vanquished Creatures (others)
  4 plants
4 creatures vanquished.

Grand Total: 193 creatures vanquished

Notes
Turn   | Place    | Note
-------+----------+-------------------------------------------
     0 | D:1      | mcbry74 the Troll Gladiator began the quest for the Orb.
     0 | D:1      | Reached XP level 1. HP: 19/19 MP: 0/0
   263 | D:1      | Reached XP level 2. HP: 27/27 MP: 1/1
   479 | D:1      | Found a faded altar of an unknown god.
   718 | D:1      | Reached XP level 3. HP: 30/33 MP: 2/2
  1243 | D:2      | You fall into a shaft and drop 2 floors!
  1328 | D:4      | Noticed a necrophage
  1331 | D:4      | Reached skill level 5 in Unarmed Combat
  1331 | D:4      | Reached XP level 4. HP: 39/41 MP: 3/3
  1339 | D:4      | Killed a necrophage
  1340 | D:4      | Reached XP level 5. HP: 45/48 MP: 4/4
  1544 | D:3      | Reached XP level 6. HP: 49/55 MP: 5/5
  1560 | D:3      | Learned a level 1 spell: Animate Skeleton
  2625 | D:5      | Entered Level 5 of the Dungeon
  2636 | D:5      | Reached skill level 1 in Necromancy
  2760 | D:5      | Reached XP level 7. HP: 56/62 MP: 6/6
  2886 | D:5      | Found Reudaru's Jewellery Shop.
  3680 | D:6      | Noticed a steam dragon
  3690 | D:6      | Killed a steam dragon
  3796 | D:6      | Reached XP level 8. HP: 70/70 MP: 7/7
  3940 | D:6      | Found Tiyrgh's Distillery.
  4045 | D:6      | Identified the +2 leather armour of Xusev {Harm rElec rPois
                  | Int-5}
  4519 | D:7      | Reached skill level 10 in Unarmed Combat
  4628 | D:7      | Found a hide-covered altar of Uskayaw.
  4639 | D:7      | Reached skill level 1 in Maces & Flails
  4791 | D:7      | Found a staircase to the Ecumenical Temple.
  4824 | Temple   | Entered the Ecumenical Temple
  4894 | Temple   | Became a worshipper of the Wu Jian Council
  5017 | D:7      | Reached XP level 9. HP: 76/76 MP: 8/8
  5478 | D:8      | Found Saf Siuz's Weapon Shop.
  5677 | D:8      | Found a staircase to the Lair.
  5716 | D:8      | Reached skill level 5 in Maces & Flails
  5720 | D:8      | Found Pirghois's Specialty Armours.
  5839 | D:8      | Noticed a troll
  5849 | D:8      | Killed a troll
  6669 | D:9      | Reached * piety under Wu Jian
  6674 | D:9      | Reached XP level 10. HP: 79/85 MP: 9/9
  6804 | D:9      | Found Kotex's Hydra Hut.
  6807 | D:9      | Noticed a five-headed hydra
  7338 | D:10     | Entered Level 10 of the Dungeon
  7351 | D:10     | Noticed Nergalle
  7375 | D:10     | Killed Nergalle
  7528 | D:10     | Reached skill level 10 in Maces & Flails
  7541 | D:10     | Noticed a boulder beetle
  7557 | D:10     | HP: 4/85 [boulder beetle (44)]
  7562 | D:10     | Demolished by a boulder beetle

Illustrated notes

Levels and vault maps discovered:
D:1:      matt_arrival_refuge, layout_basic,
          shapermc_ecumenical_altar_mp_highgroup
D:2:      layout_basic
D:3:      layout_rooms
D:4:      layout_basic
D:5:      layout_basic, serial_shops, nicolae_shop_hallway_plus
D:6:      nicolae_cairo_tiling, layout_loops_ring, serial_shops,
          nicolae_shop_hallway_plus, minmay_misc_feat_encased
D:7:      layout_basic, eat_drink_and_be_merry_uskayaw,
          minmay_temple_entry_oklob
D:8:      layout_basic, lair_entry_dummy, serial_shops, nicolae_shop_crystal,
          nicolae_barding_shop
D:9:      layout_irregular_city, doesnt_shop_hydraphobe
D:10:     layout_basic, nzn_sisyphean_effort, uniq_nergalle
Temple:   nicolae_temple_the_god_donut

Skill      XL: |  1  2  3  4  5  6  7  8  9 10 |
---------------+-------------------------------+-----
Unarmed Combat | 4 5 6 7 9 10 | 10.1
Necromancy     | 1 3 4 |  4.0
Maces & Flails | 3 8 10 | 10.0
Fighting       | |  1.5
Throwing       | |  1.7
Dodging        | |  2.4

Action                   |  1- 3 |  4- 6 |  7- 9 | 10-12 || total
-------------------------+-------+-------+-------+-------++-------
Melee: Unarmed           |   110 |   104 |   229 |    31 ||   474
       Punch             |       |     3 |    11 |     3 ||    17
 Fire: Hunting sling     |       |    17 |    15 |       ||    32
Throw: Boomerang         |       |     6 |    36 |     3 ||    45
       Dart              |       |       |     7 |       ||     7
       Throwing net      |       |       |     2 |       ||     2
       Javelin           |       |       |       |     8 ||     8
 Cast: Animate Skeleton  |       |       |     9 |       ||     9
Invok: Lunge             |       |       |     4 |     6 ||    10
       Whirlwind         |       |       |       |     1 ||     1
Evoke: Wand              |       |       |     7 |       ||     7
  Use: Scroll            |       |       |    10 |     1 ||    11
 Stab: Sleeping          |     1 |       |       |       ||     1
       Held in net/web   |       |       |     1 |       ||     1
Armor: Robe              |    40 |    26 |     4 |       ||    70
       Steam dragon scal |       |       |    50 |     9 ||    59
Dodge: Dodged            |    76 |    36 |   106 |    17 ||   235

Table legend: (Time is in decaauts)
 A = Elapsed time spent in this place.
 B = Non-inter-level travel time spent in this place.
 C = Inter-level travel time spent in this place.
 D = Time resting spent in this place.
 E = Time spent auto-exploring this place.
 F = Levels seen in this place.
 G = Mean time per level.
                   A        B        C        D        E       F      G
               +--------+--------+--------+--------+--------+-----+--------+
         Total |   7507 |   7223 |    284 |    228 |   5306 |  11 |  682.5 |
       Dungeon |   7425 |   7151 |    274 |    228 |   5289 |  10 |  742.5 |
        Temple |     81 |     71 |     10 |      0 |     17 |   1 |   81.0 |
               +--------+--------+--------+--------+--------+-----+--------+

Top non-repeatable levels by time:
     D:8: 1190 daAuts
     D:1: 1029 daAuts
     D:5: 1015 daAuts
     D:7: 844 daAuts
     D:6: 786 daAuts
     D:9: 759 daAuts
     D:4: 545 daAuts
     D:3: 524 daAuts
     D:2: 507 daAuts
    D:10: 221 daAuts
  Temple: 81 daAuts
